 Dungeon Crawl Stone Soup version 0.30-a0-757-ga6a79fd877 (webtiles) character file.

Game seed: 6713124113503677421

91366 dolemite99 the Fighter (level 16, -2/130 HPs)
             Began as a Djinni Conjurer on Feb 10, 2023.
             Was a High Priest of Ashenzari.
             Slain by an ettin
             ... wielding a +0 dire flail
              (32 damage)
             ... on level 1 of the Orcish Mines.
             The game lasted 01:23:39 (43404 turns).

dolemite99 the Fighter (Djinni Conjurer)           Turns: 43404, Time: 01:23:40

Health: -2/130     AC: 15    Str:  6    XL:     16   Next: 50%
Gold:   1764       EV: 18    Int: 27    God:    Ashenzari [*****.] SH:  6 Dex: 13

rFire   + + .      SeeInvis +    b - staff of air
rCold   + . .      Faith    .    U - +0 buckler "I Knew You'd Do That" {Melee, Range} (curse)
rNeg    . . .      Spirit   .    v - +2 robe of the Cursed Regret {rPois rC++, Evo, Cun} (curse)
rPois   ∞          Reflect  .    s - +2 helmet "Restrained Jealousy" {Range, Evo} (curse)
rElec   +          Harm     .    L - +0 cloak of Ashenzari's Oracle {Fort, Self} (curse)
rCorr   .          Rampage  .    J - +2 pair of gloves of the All-seeing Sky {Melee, Cun} (curse)
Will    ++...      Clarity  +    (boots unavailable)
Stlth   ++                       e - amulet of the Ensconced Welkin {Acrobat, Self, Range} (curse)
HPRegen 0.41/turn                D - ring of the Visionary Sun {AC+4, Evo, Melee} (curse)
MPRegen 0.00/turn                V - ring of willpower

@: flying
A: sickness immunity, fire resistance 2, cold vulnerability 1, float, innate
caster, HP casting, extra vitality 1
a: Renounce Religion, Curse Item, Shatter the Chains


You were on level 1 of the Orcish Mines.
You worshipped Ashenzari.
Ashenzari was extremely pleased with you.
You visited 3 branches of the dungeon, and saw 21 of its levels.
You also visited: Ice Cave.

You collected 2193 gold pieces.
You spent 429 gold pieces at shops.

Inventory:

Hand Weapons
 g - a +2 short sword of venom
 w - a +1 sling of freezing
 y - a +1 long sword of holy wrath
 O - a +2 demon blade
Missiles
 l - 3 javelins
 N - 36 poisoned darts (quivered)
 R - a curare-tipped dart
 X - 18 atropa-tipped darts
Armour
 p - a scarf of resistance
 s - the cursed +2 helmet "Restrained Jealousy" (worn) {Range, Evo}
   (You found it on level 2 of the Dungeon)

   It has a curse which improves the following skills: Ranged Combat: Ranged
   Weapons and Throwing.
   Evocations: Evocations.
 v - the cursed +2 robe of the Cursed Regret (worn) {rPois rC++, Evo, Cun}
   (You took it off a gnoll on level 4 of the Dungeon)

   rC:        It greatly protects you from cold.
   rPois:     It protects you from poison.
   It has a curse which improves the following skills: Evocations: Evocations.
   Cunning:   Dodging and Stealth.
 E - +0 swamp dragon scales
 J - the cursed +2 pair of gloves of the All-seeing Sky (worn) {Melee, Cun}
   (You found it on level 8 of the Dungeon)

   It has a curse which improves the following skills: Melee Combat: Short
   Blades, Long Blades, Axes, Maces & Flails, Polearms, Staves and Unarmed
   Combat.
   Cunning:   Dodging and Stealth.
 L - the cursed +0 cloak of Ashenzari's Oracle (worn) {Fort, Self}
   (You found it on level 8 of the Dungeon)

   It has a curse which improves the following skills: Fortitude: Armour and
   Shields.
   Introspection: Fighting and Spellcasting.
 U - the cursed +0 buckler "I Knew You'd Do That" (worn) {Melee, Range}
   (You took it off a spriggan on level 1 of the Lair of Beasts)

   It has a curse which improves the following skills: Melee Combat: Short
   Blades, Long Blades, Axes, Maces & Flails, Polearms, Staves and Unarmed
   Combat.
   Ranged Combat: Ranged Weapons and Throwing.
Magical Staves
 a - a staff of conjuration
 b - a staff of air (weapon)
Jewellery
 e - the cursed amulet of the Ensconced Welkin (around neck) {Acrobat, Self, Range}
   (You found it on level 3 of the Lair of Beasts)

   [amulet of the acrobat]

   It increases your evasion while moving and waiting.
   It has a curse which improves the following skills: Introspection: Fighting
   and Spellcasting.
   Ranged Combat: Ranged Weapons and Throwing.
 j - a +6 ring of dexterity
 q - a ring of resist corrosion
 D - the cursed ring of the Visionary Sun (left hand) {AC+4, Evo, Melee}
   (You found it on level 7 of the Dungeon)

   [ring of protection]

   AC:        It affects your AC (+4).
   It has a curse which improves the following skills: Evocations: Evocations.
   Melee Combat: Short Blades, Long Blades, Axes, Maces & Flails, Polearms,
   Staves and Unarmed Combat.
 V - a ring of willpower (right hand)
 Z - a ring of wizardry
Wands
 k - a wand of charming (6)
 G - a wand of polymorph (19)
 P - a wand of flame (11)
 T - a wand of digging (6)
Scrolls
 c - 2 scrolls of noise
 d - 2 scrolls of fog
 i - a scroll of silence
 m - 3 scrolls of enchant armour
 o - 2 scrolls of teleportation
 r - a scroll of brand weapon
 B - 3 scrolls of blinking
 F - a scroll of fear
 I - 2 scrolls of vulnerability
 Q - 2 scrolls of immolation
 S - 2 scrolls of magic mapping
Potions
 f - 8 potions of brilliance
 h - 4 potions of haste
 n - a potion of degeneration
 t - 6 potions of attraction
 u - 4 potions of lignification
 x - 4 potions of mutation
 z - 3 potions of cancellation
 A - 2 potions of resistance
 C - 3 potions of ambrosia
 H - 4 potions of might
 K - 2 potions of invisibility
 M - 2 potions of magic
 Y - 8 potions of curing
Miscellaneous
 W - a lightning rod (4/4)


   Skills:
 - Level 13.4(16.8) Fighting
 - Level 11.8(16.3) Long Blades
 - Level 4.9(9.1) Ranged Weapons
 - Level 10.8(14.2) Dodging
 - Level 1.5(3.8) Stealth
 - Level 5.2(7.4) Shields
 + Level 13.1(16.5) Spellcasting
 - Level 11.3(15.8) Evocations


You had 8 spell levels left.
You knew the following spells:

 Your Spells              Type           Power      Damage    Failure   Level
a - Iskenderun's Battles  Conj           84%        2d13      1%          5
b - Magic Dart            Conj           100%       1d8       0%          1
c - Fulminant Prism       Conj/Hex       42%        3d19      1%          4
d - Conjure Ball Lightni  Conj/Air       53%        3x3d18    1%          6
e - Ensorcelled Hibernat  Hex/Ice        100%       N/A       0%          2
f - Beastly Appendage     Tmut           100%       N/A       0%          1
g - Searing Ray           Conj           100%       2d8       0%          2
h - Ozocubu's Armour      Ice            84%        N/A       0%          3
i - Blade Hands           Tmut           42%        N/A       1%          5
j - Summon Ice Beast      Ice/Summ       84%        N/A       1%          4
k - Dazzling Flash        Conj/Hex       100%       N/A       0%          3
l - Iskenderun's Mystic   Conj/Tloc      84%        2d17      1%          4
Your spell library was empty.

Dungeon Overview and Level Annotations

Branches:
Dungeon (15/15)            Temple (0/1) D:6            Lair (5/5) D:9
  Swamp (0/4) Lair:3       Spider (0/4) Lair:3        Slime (0/5) Lair:5
    Orc (1/2) D:11         Vaults (0/5) D:14         Depths (0/4) D:15
  IceCv (visited)

Altars:
Ashenzari
Cheibriados
Elyvilon
Gozag
Hepliaklqana
Makhleb
Nemelex Xobeh
Okawaru
Ru
Trog
Xom
Yredelemnul
Zin
Jiyva

Shops:
D:13 (   D:15 *

Portals:
Hell: Lair:5
Trove: D:15 (give 6 potions of haste)

Annotations:
D:3 Edmund
Lair:2 exclusion: oklob plant
Lair:3 exclusion: downstairs
Lair:5 1 runed translucent door, exclusion: oklob plant, bmack86's ghost, journeyman MiFi


Innate Abilities, Weirdness & Mutations

You are immune to sickness and miasma.
You are immune to poison.
Your flesh is very heat resistant. (rF++)
You are vulnerable to cold. (rC-)
You float through the air rather than walking.
You learn spells naturally, not from books.
Your magical power is your life essence.
You have superior vitality. (+4 MHP)


Message History

The barrage of energy hits the orc wizard!!
You kill the orc wizard!
Casting: Magic Dart (safe; 0% risk of failure)
Confirm with . or Enter, or press ? or * to list all spells.
Aiming: Magic Dart (safe; 0% risk of failure)
Press: ? - help, Shift-Dir - straight line, f/p - ettin
Aim: an ettin, wielding two +0 dire flails (lightly wounded, 100% to hit)
The magic dart hits the ettin.
The ettin is lightly wounded.
Your battlesphere fires!
The barrage of energy hits the orc warrior!
The orc warrior is heavily wounded.
The ettin hits you with a +0 dire flail!! x2
Casting: Magic Dart (safe; 0% risk of failure)
Confirm with . or Enter, or press ? or * to list all spells.
Aiming: Magic Dart (safe; 0% risk of failure)
Press: ? - help, Shift-Dir - straight line, f/p - ettin
Aim: an ettin, wielding two +0 dire flails (lightly wounded, 100% to hit)
The magic dart hits the ettin but does no damage.
The ettin is lightly wounded.
Your battlesphere fires!
The barrage of energy hits the orc warrior!
The orc warrior is severely wounded.
The ettin misses you.
The ettin hits you with a +0 dire flail.
An orc comes into view. It is wielding a +2 whip of venom.
Casting: Magic Dart (safe; 0% risk of failure)
Confirm with . or Enter, or press ? or * to list all spells.
Aiming: Magic Dart (safe; 0% risk of failure)
Press: ? - help, Shift-Dir - straight line, f/p - ettin
Aim: an ettin, wielding two +0 dire flails (lightly wounded, 100% to hit)
The magic dart hits the ettin but does no damage.
The ettin is lightly wounded.
Your battlesphere fires!
The barrage of energy hits the orc warrior!
You kill the orc warrior!
The ettin hits you with a +0 dire flail!!!
* * * LOW HITPOINT WARNING * * *
The ettin hits you with a +0 dire flail!!
You die...

* , ,, ,, * *, * * , ,
,,,...., * #..### * ,
......# #.....# ,**
...>...##...... , * , ,
,.........#.....# *, *
,, ,......o.o#....# **
,, ,........#.*...##
......#...)#....C....#
........).....).@....##
......................#
..................##.##
##.........#..##.## #
#......##.##)..###
.......##.#....#
#.............##
...#...#....###
...##.###.###


You could see an ettin, 2 orcs and a friendly battlesphere.

Vanquished Creatures
  A ghost moth (shapeshifter) (D:14)
  Josephine (D:13)
  4 vault guards (D:14)
  A rakshasa (D:15)
  A quicksilver dragon zombie (D:15)
  2 ogre magi
  8 hydras
  8 centaur warriors
  2 boulder beetles (Lair:4)
  A two-headed ogre (shapeshifter) (D:13)
  11 two-headed ogres
  2 death knights
  2 death yaks (Lair:4)
  A tengu warrior (D:14)
  An orc high priest (Orc:1)
  A sun demon (Lair:5)
  5 skeletal warriors
  A bog body (Lair:3)
  3 wizards
  Pikel (D:5)
  A phantasmal warrior (D:15)
  A necromancer (D:15)
  An orc knight (D:12)
  3 cyclopes
  18 ugly things
  A manticore (shapeshifter) (D:15)
  A fire giant skeleton (D:15)
  3 black mambas
  2 ice statues (IceCv)
  An orange demon (Lair:5)
  16 cane toads
  A smoke demon (Lair:5)
  A gargoyle (D:11)
  A cane toad (shapeshifter) (D:15)
  A torpor snail (Lair:3)
  2 freezing wraiths
  3 rime drakes
  An unseen horror (D:11)
  Maggie (Lair:1)
  An efreet (D:15)
  12 komodo dragons
  2 anaconda simulacra (IceCv)
  7 ice devils
  2 red devils (Lair:5)
  A spriggan skeleton (D:15)
  A polar bear (Lair:2)
  4 trolls
  A hornet (Lair:1)
  Grinder (D:5)
  18 blink frogs
  6 slime creatures
  11 dream sheep (Lair:5)
  A vampire (D:11)
  3 wyverns
  8 wraiths
  A dire elephant simulacrum (IceCv)
  4 spriggans (Lair:1)
  A fire elemental (Lair:4)
  3 shadows
  A hog (shapeshifter) (D:14)
  A human (shapeshifter) (D:14)
  Grum (D:10)
  29 yaks
  5 basilisks
  A steam dragon (D:10)
  3 vampire mosquitoes
  A harpy simulacrum (IceCv)
  An acid dragon (D:10)
  A tengu zombie (D:15)
  12 water moccasins
  Duvessa (D:5)
  3 hell hounds (Lair:5)
  10 orc warriors
  A black bear (D:6)
  An ice beast (D:5)
  3 boggarts (D:14)
  7 ogres
  18 centaurs
  17 wolves
  3 lemures (D:5)
  4 kobold brigands
  9 bullfrogs
  2 necrophages
  2 two-headed ogre simulacra
  A gnoll sergeant (D:10)
  5 wights (D:10)
  An elephant simulacrum (IceCv)
  11 killer bees
  10 electric eels
  5 howler monkeys
  2 jellies
  2 gnoll boudas
  6 orc priests
  3 hounds
  Jessica (D:3)
  6 iguanas
  15 orc wizards
  2 troll simulacra
  A spriggan simulacrum (D:11)
  A wolf simulacrum (IceCv)
  7 gnolls
  6 adders
  A naga simulacrum (D:11)
  4 white imps
  2 ufetubi (D:6)
  A worm (D:5)
  A dart slug (D:1)
  34 orcs
  4 ball pythons
  4 bats
  5 endoplasms
  9 giant cockroaches
  9 goblins
  10 hobgoblins
  7 jackals
  3 quokkas
  3 frilled lizards
  22 kobolds
  10 rats
  4 fulminant prisms
559 creatures vanquished.

Vanquished Creatures (collateral kills)
  An orb spider (Lair:3)
  Joseph (D:7)
  2 cane toads
  A rime drake (Lair:5)
  3 komodo dragons
  4 blink frogs
  A spriggan (Lair:1)
  10 yaks
  A hell hound (Lair:5)
  A water moccasin (Lair:5)
  7 wolves
  A centaur (D:8)
  A bullfrog (Lair:2)
  Dowan (D:5)
  2 goblins
  A hobgoblin (D:4)
  2 jackals (D:4)
  A kobold (D:8)
  5 ball lightnings
46 creatures vanquished.

Vanquished Creatures (others)
  A black mamba (Lair:2)
  A spriggan (Lair:1)
  A slime creature (D:12)
  2 wolves
  151 ball lightnings
  4 bushes
  A butterfly (D:8)
  138 fulminant prisms
  60 fungi
  110 plants
  12 withered plants (D:15)
481 creatures vanquished.

Grand Total: 1086 creatures vanquished

Notes
Turn   | Place    | Note
-------+----------+-------------------------------------------
     0 | D:1      | dolemite99 the Djinni Conjurer began the quest for the Orb.
     0 | D:1      | dolemite99 set off with the following spells memorised:
                  | Magic Dart, Searing Ray, Dazzling Flash, Fulminant Prism,
                  | Iskenderun's Mystic Blast.
     0 | D:1      | Reached XP level 1. HP: 15/15 MP: 0/0
   155 | D:1      | Reached XP level 2. HP: 21/21 MP: 0/0
   486 | D:1      | Reached XP level 3. HP: 14/25 MP: 0/0
   486 | D:1      | Learned a level 1 spell: Beastly Appendage
   919 | D:2      | Found the +4 robe of Augmentation {Str+4 Int+4 Dex+4}
  1112 | D:2      | Reached XP level 4. HP: 24/31 MP: 0/0
  2039 | D:3      | Found a broken altar of Ashenzari.
  2068 | D:3      | Became a worshipper of Ashenzari the Shackled
  2165 | D:3      | Noticed Jessica
  2167 | D:3      | Killed Jessica
  2168 | D:3      | Reached XP level 5. HP: 33/35 MP: 0/0
  2168 | D:3      | Learned a level 2 spell: Ensorcelled Hibernation
  2178 | D:3      | Reached skill level 5 in Spellcasting
  2415 | D:3      | You are sucked into a shaft and drop 1 floor!
  2496 | D:4      | Noticed Edmund
  2658 | D:4      | Reached XP level 6. HP: 37/40 MP: 0/0
  3083 | D:3      | Found a faded altar of an unknown god.
  3508 | D:4      | Identified the +2 robe of Ehiump {rPois rC++}
  3526 | D:4      | Reached XP level 7. HP: 43/45 MP: 0/0
  3526 | D:4      | Learned a level 3 spell: Ozocubu's Armour
  4953 | D:5      | Entered Level 5 of the Dungeon
  5021 | D:5      | Noticed Duvessa
  5023 | D:5      | Noticed Dowan
  5043 | D:5      | Killed Duvessa
  5055 | D:5      | Killed Dowan
  5136 | D:5      | Identified a scroll of acquirement
  5136 | D:5      | Acquired a manual of Fighting
  5181 | D:5      | Reached XP level 8. HP: 52/56 MP: 0/0
  5224 | D:5      | Noticed Grinder
  5231 | D:5      | Killed Grinder
  6146 | D:5      | Noticed Pikel
  6165 | D:5      | Killed Pikel
  6166 | D:5      | Reached skill level 10 in Fighting
  6166 | D:5      | Reached XP level 9. HP: 26/74 MP: 0/0
  6166 | D:5      | Learned a level 4 spell: Summon Ice Beast
  7144 | D:6      | Reached skill level 1 in Ranged Weapons
  7627 | D:6      | Found a sparkling altar of Nemelex Xobeh.
  8405 | D:6      | Reached * piety under Ashenzari
  8453 | D:6      | Found a staircase to the Ecumenical Temple.
  8608 | D:7      | Found a shimmering altar of Xom.
  8609 | D:7      | Found a shimmering altar of Xom.
  8609 | D:7      | Found a shimmering altar of Xom.
  8610 | D:7      | Found a shimmering altar of Xom.
  8610 | D:7      | Found a shimmering altar of Xom.
  9076 | D:7      | Reached ** piety under Ashenzari
  9153 | D:7      | Noticed Joseph
  9178 | D:7      | Killed Joseph
  9548 | D:8      | Found an opulent altar of Gozag.
  9556 | D:8      | Reached XP level 10. HP: 43/80 MP: 0/0
 10702 | D:8      | Found a sacrificial altar of Ru.
 10739 | D:8      | Found a burning altar of Makhleb.
 10739 | D:8      | Found a snail-covered altar of Cheibriados.
 10740 | D:8      | Found an iron altar of Okawaru.
 10774 | D:8      | Noticed a two-headed ogre
 10932 | D:8      | Killed a two-headed ogre
 11185 | D:8      | Found a white marble altar of Elyvilon.
 11356 | D:9      | Reached skill level 5 in Evocations
 12253 | D:9      | Found a hazy altar of Hepliaklqana.
 12273 | D:9      | Found a glowing silver altar of Zin.
 12348 | D:9      | Reached XP level 11. HP: 67/85 MP: 0/0
 12348 | D:9      | Learned a level 5 spell: Blade Hands
 12820 | D:9      | Found a staircase to the Lair.
 12889 | Lair:1   | Entered Level 1 of the Lair of Beasts
 12923 | Lair:1   | Reached *** piety under Ashenzari
 13194 | Lair:1   | Reached skill level 10 in Evocations
 13966 | Lair:1   | Noticed Maggie
 14013 | Lair:1   | Killed Maggie
 15259 | Lair:2   | Noticed a five-headed hydra
 15288 | Lair:2   | Killed a five-headed hydra
 15308 | Lair:2   | Reached XP level 12. HP: 60/94 MP: 0/0
 15527 | Lair:2   | Noticed a seven-headed hydra
 15534 | Lair:2   | Killed a seven-headed hydra
 16549 | Lair:2   | Identified the +1 chain mail of Ysmy {rElec Regen+}
 18325 | Lair:3   | Found a staircase to the Swamp.
 19172 | Lair:3   | Noticed an orb spider
 19181 | Lair:3   | Found a hole to the Spider Nest.
 19197 | Lair:3   | Killed an orb spider
 19960 | Lair:4   | Reached skill level 10 in Spellcasting
 20206 | Lair:4   | Reached XP level 13. HP: 101/105 MP: 0/0
 20206 | Lair:4   | Learned a level 5 spell: Iskenderun's Battlesphere
 20217 | Lair:4   | Noticed an eight-headed hydra
 22437 | Lair:4   | Killed an eight-headed hydra
 24439 | Lair:5   | Entered Level 5 of the Lair of Beasts
 24523 | Lair:5   | Found a runed translucent door.
 24744 | Lair:5   | Reached **** piety under Ashenzari
 24846 | Lair:5   | Reached skill level 1 in Shields
 24872 | Lair:5   | Noticed a five-headed hydra
 24887 | Lair:5   | Killed a five-headed hydra
 25241 | Lair:5   | Noticed a six-headed hydra
 25243 | Lair:5   | Killed a six-headed hydra
 25296 | Lair:5   | Reached skill level 5 in Shields
 25296 | Lair:5   | Reached XP level 14. HP: 63/114 MP: 0/0
 25706 | Lair:5   | Found a shimmering altar of Xom.
 25707 | Lair:5   | Noticed bmack86's ghost (journeyman MiFi)
 26336 | Lair:4   | Reached skill level 5 in Dodging
 27709 | Lair:5   | Found a viscous altar of Jiyva.
 27710 | Lair:5   | Found a staircase to the Slime Pits.
 27837 | Lair:5   | Found a burning altar of Makhleb.
 28248 | Lair:5   | Found a gateway to Hell.
 28794 | D:10     | Entered Level 10 of the Dungeon
 28814 | D:10     | Reached ***** piety under Ashenzari
 28920 | D:10     | Reached skill level 5 in Long Blades
 29119 | D:10     | Noticed Grum
 29128 | D:10     | Killed Grum
 29683 | D:11     | Found a frozen archway.
 29729 | IceCv    | Entered an ice cave
 32038 | D:11     | Found a staircase to the Orcish Mines.
 32109 | D:12     | Found a bloodstained altar of Trog.
 32890 | D:12     | Reached XP level 15. HP: 121/121 MP: 0/0
 32890 | D:12     | Learned a level 6 spell: Conjure Ball Lightning
 34542 | Orc:1    | Entered Level 1 of the Orcish Mines
 34998 | D:13     | Noticed Josephine
 35009 | D:13     | Killed Josephine
 35352 | D:13     | Found Ikoc's Weapon Shoppe.
 36273 | D:14     | Reached skill level 10 in Long Blades
 38023 | D:14     | Found a gate to the Vaults.
 39104 | D:14     | Noticed a broodmother
 39124 | D:14     | Noticed a ghost moth
 39128 | D:14     | Killed a ghost moth
 39129 | D:14     | Reached skill level 10 in Dodging
 39523 | D:15     | Entered Level 15 of the Dungeon
 39581 | D:15     | Reached XP level 16. HP: 124/129 MP: 0/0
 39966 | D:15     | Found Otsajuint's General Store.
 39976 | D:15     | Bought a lightning rod (4/4) for 390 gold pieces
 39976 | D:15     | Bought a potion of curing for 39 gold pieces
 40020 | D:15     | Found a portal to a secret trove of treasure.
 40712 | D:15     | Found a basalt altar of Yredelemnul.
 41286 | D:15     | Found a staircase to the Depths.
 43404 | Orc:1    | Slain by an ettin

Illustrated notes

Levels and vault maps discovered:
D:1:      dpeg_arrival_court, layout_rooms
D:2:      layout_loops_cross, grunt_ministairs_8, kennysheep_cluttered_room
D:3:      layout_loops_ring, cheibrodos_ashenzari_chains,
          ebering_ecumenical_altar_mist, uniq_jessica
D:4:      layout_rooms, led_sif_book, nicolae_qazlal_general_emergency,
          kennysheep_generic_room_5, uniq_edmund
D:5:      layout_cave_pods, uniq_grinder, uniq_pikel, uniq_duvessa
D:6:      layout_rooms, kennysheep_mini, minmay_temple_entry_antechambers,
          dk_vineyard_1, minivault_23
D:7:      layout_basic, nicolae_vehumet_altar_sigil, xom_shifter_show,
          uniq_joseph
D:8:      layout_layer_cave, mainiacjoe_overflow_concentric_impassable,
          nicolae_elyvilon_peaceful_grove, nicolae_gozag_seed_capital,
          chequers_temple_overflow_statue_of_worship, minmay_misc_feat_rugged,
          grunt_ministairs_9, grunt_decor_arrowhead
D:9:      layout_cave_pools, mainiacjoe_overflow_chevrons, kennysheep_mini_moat,
          david_lair_shrubbed, enter_bailey_3
D:10:     layout_irregular_city, minmay_starry_boxes, uniq_grum
D:11:     layout_cross, orc_0_dummy, portal_ice_cave_entry_ice_simulacra,
          grunt_ministairs_11
D:12:     layout_loops_ring, trog_butcher_becter
D:13:     layout_loops_cross, serial_shops, nicolae_shop_crystal, minivault_25,
          uniq_josephine
D:14:     layout_gridville, lightli_vaults_fourway_checkpoint, serial_glass,
          glass_columns_b, glass_columns_b
D:15:     gammafunk_depths_entry_grave, layout_irregular_city, enter_trove_6,
          serial_shops, shop, yredelemnul_altar_generic, minmay_crystal_room
Lair:1:   layout_layer_cave, wad_woods_01, uniq_maggie
Lair:2:   layout_cave_shapes, st_stairs_12
Lair:3:   layout_gridlike, skrybe_swamp_entry_bodies,
          nicolae_spider_entry_orb_guardian, hibernation_bobbens,
          serial_bayou_shore_a
Lair:4:   layout_gridlike, fungi_pond_lemuel, chequers_serial_rivers_micro_e,
          grunt_forest_small_clearings, pond, grunt_megastairs_2,
          serial_bayou_shore_b
Lair:5:   evil_forest, layout_gridlike, minmay_slime_entry_oklob_open,
          ebering_ghost_xom, serial_bayou_lake_a
Orc:1:    layout_caves, serial_shops, nicolae_shop_trees, basic_altar,
          mines2_david

Skill      XL: |  1  2  3  4  5  6  7  8  9 10 11 12 13 14 15 16 |
---------------+-------------------------------------------------+-----
Spellcasting   | 4 5 6 7 10 12 13 | 13.1
Fighting       | 3 10 11 12 13 | 13.4
Ranged Weapons | 4 |  4.9
Long Blades    | 3 4 7 11 | 11.8
Evocations     | 7 11 | 11.3
Shields        | 5 |  5.2
Dodging        | 9 10 | 10.8
Stealth        | |  1.5

Action                     |  1- 3 |  4- 6 |  7- 9 | 10-12 | 13-15 | 16-18 || total
---------------------------+-------+-------+-------+-------+-------+-------++-------
  Melee: Dagger            |     1 |       |     4 |     6 |       |       ||    11
         Unarmed           |     1 |       |       |       |       |       ||     1
         War axe           |       |     9 |       |       |       |       ||     9
         Staff             |       |       |       |    20 |     4 |       ||    24
         Demon blade       |       |       |       |       |    21 |       ||    21
   Fire: Sling             |       |    11 |    37 |     3 |    29 |       ||    80
         Shortbow          |       |       |       |    81 |    58 |       ||   139
  Throw: Dart              |       |       |       |       |    33 |     6 ||    39
         Throwing net      |       |       |       |       |     1 |       ||     1
   Cast: Magic Dart        |    44 |    34 |    14 |    33 |   257 |    70 ||   452
         Searing Ray       |     6 |    30 |    35 |    67 |    46 |       ||   184
         Fulminant Prism   |       |     4 |    13 |    50 |    75 |       ||   142
         Dazzling Flash    |       |     3 |    15 |    19 |    13 |       ||    50
         Iskenderun's Myst |       |       |     2 |    10 |    27 |       ||    39
         Ozocubu's Armour  |       |       |     1 |       |     2 |       ||     3
         Summon Ice Beast  |       |       |     3 |    15 |    31 |       ||    49
         Ensorcelled Hiber |       |       |       |     1 |       |       ||     1
         Iskenderun's Batt |       |       |       |       |    53 |    14 ||    67
         Conjure Ball Ligh |       |       |       |       |    37 |    29 ||    66
 Invoke: Curse Item        |       |     1 |     3 |     2 |     2 |       ||     8
         Shatter the Chain |       |       |     1 |       |       |       ||     1
  Evoke: Wand              |       |     3 |     8 |    37 |    29 |       ||    77
         Lightning rod     |       |       |       |       |       |     3 ||     3
    Use: Scroll            |       |     6 |     8 |     6 |     8 |       ||    28
         Potion            |       |     2 |     7 |     7 |     5 |       ||    21
   Stab: Invisible         |       |       |     1 |     1 |       |       ||     2
         Sleeping          |       |       |       |       |     1 |       ||     1
 Armour: Robe              |     5 |    29 |    25 |   123 |    87 |     5 ||   274
  Dodge: Dodged            |    16 |    37 |    76 |   220 |   351 |     6 ||   706
  Block: Buckler           |       |       |       |       |    78 |     3 ||    81

Table legend: (Time is in decaauts)
 A = Elapsed time spent in this place.
 B = Non-inter-level travel time spent in this place.
 C = Inter-level travel time spent in this place.
 D = Time resting spent in this place.
 E = Time spent auto-exploring this place.
 F = Levels seen in this place.
 G = Mean time per level.
                   A        B        C        D        E       F      G
               +--------+--------+--------+--------+--------+-----+--------+
         Total |  43427 |  41900 |   1527 |  23606 |  11839 |  22 | 1974.0 |
       Dungeon |  26235 |  25478 |    757 |  13352 |   8159 |  15 | 1749.0 |
          Lair |  15899 |  15129 |    770 |   9450 |   3444 |   5 | 3179.8 |
  Orcish Mines |    292 |    292 |      0 |     61 |    161 |   1 |  292.0 |
      Ice Cave |    999 |    999 |      0 |    742 |     75 |   1 |  999.0 |
               +--------+--------+--------+--------+--------+-----+--------+

Top non-repeatable levels by time:
  Lair:3: 4842 daAuts
  Lair:4: 3627 daAuts
    D:14: 3122 daAuts
  Lair:5: 2970 daAuts
    D:15: 2584 daAuts
    D:12: 2528 daAuts
    D:11: 2442 daAuts
  Lair:1: 2321 daAuts
     D:5: 2151 daAuts
  Lair:2: 2138 daAuts
     D:8: 2131 daAuts
     D:3: 2083 daAuts
    D:13: 1780 daAuts
     D:6: 1493 daAuts
     D:2: 1404 daAuts
